 Dungeon Crawl Stone Soup version 0.30-a0-377-g5cb311bc9f (webtiles) character file.

Game seed: 13358187558965569443

3399 qeuew the Trooper (level 9, -2/108 HPs)
             Began as a Demonspawn Monk on Nov 27, 2022.
             Was a Priest of Makhleb.
             Slain by a vampire (9 damage)
             ... on level 8 of the Dungeon.
             The game lasted 00:13:28 (7598 turns).

qeuew the Trooper (Demonspawn Monk)                 Turns: 7598, Time: 00:13:29

Health: -2/108     AC: 10    Str: 19    XL:     9   Next: 75%
Magic:  0/9        EV: 14    Int: 18    God:    Makhleb [***...]
Gold:   520        SH:  0    Dex: 15    Spells: 8/8 levels left

rFire   . . .      SeeInvis .    f - +4 bardiche of Iluaffaah {vamp, Str+4 Int+3}
rCold   + . .      Faith    .    (shield currently unavailable)
rNeg    . . .      Spirit   +    d - +0 leather armour
rPois   +          Reflect  .    (no helmet)
rElec   .          Harm     .    (no cloak)
rCorr   .          Rampage  .    (no gloves)
Will    .....                    (no boots)
Stlth   ..........               u - amulet of guardian spirit
HPRegen 0.38/turn                i - +4 ring of protection
MPRegen 0.22/turn                j - ring of poison resistance

@: berserking, very quick
A: claws 1, yellow scales 2, foul stench 1, magic regeneration, clever 1, cold
resistance 1
a: Renounce Religion, Minor Destruction, Lesser Servant of Makhleb


You were on level 8 of the Dungeon.
You worshipped Makhleb.
Makhleb was most pleased with you.
You visited 1 branch of the dungeon, and saw 8 of its levels.

You collected 520 gold pieces.

Inventory:

Hand Weapons
 f - the +4 bardiche of Iluaffaah (weapon) {vamp, Str+4 Int+3}
   (You acquired it on level 1 of the Dungeon)

   It occasionally heals its wielder for a portion of the damage dealt when it
   wounds a living foe.
   Str:       It affects your strength (+4).
   Int:       It affects your intelligence (+3).
Missiles
 q - 2 throwing nets
Armour
 d - a +0 leather armour (worn)
Jewellery
 a - a ring of willpower
 i - a +4 ring of protection (left claw)
 j - a ring of poison resistance (right claw)
 m - a ring of flight
 u - an amulet of guardian spirit (around neck)
Wands
 o - a wand of flame (15)
 s - a wand of paralysis (19)
Scrolls
 b - 3 scrolls of amnesia
 c - 5 scrolls of teleportation
 e - 2 scrolls of enchant armour
 k - a scroll of enchant weapon
 p - a scroll of poison
Potions
 g - 2 potions of might
 h - 2 potions of invisibility
 n - a potion of resistance
 t - 2 potions of magic {unknown}
 v - a potion of mutation


   Skills:
 + Level 7.1 Fighting
 + Level 6.4 Polearms
 + Level 5.7 Armour
 + Level 6.5 Dodging
 - Level 1.7 Stealth
 + Level 5.1 Evocations


You had 8 spell levels left.
You didn't know any spells.
Your spell library contained the following spells:

 Spells                   Type           Power      Damage    Failure   Level
 Blink                    Tloc           0%         N/A       36%         2
 Ensorcelled Hibernation  Hex/Ice        0%         N/A       36%         2
 Momentum Strike          Conj/Tloc      0%         3d8       36%         2
 Lesser Beckoning         Tloc           0%         N/A       58%         3
 Spider Form              Tmut/Pois      0%         N/A       58%         3
 Anguish                  Hex/Necr       0%         N/A       94%         4
 Enfeeble                 Hex            0%         N/A       100%        7


Dungeon Overview and Level Annotations

Branches:
Dungeon (8/15)             Temple (0/1) D:7
   Lair: D:8-11

Altars:
Cheibriados
Dithmenos
Gozag
Kikubaaqudgha
Makhleb
Okawaru
Sif Muna
Wu Jian
Xom
Yredelemnul

Shops:
D:4 *   D:6 :((?   D:8 (


Innate Abilities, Weirdness & Mutations

You have sharp fingernails.
You are mostly covered in yellow scales. (AC +3)
You may rarely emit foul miasma when damaged in melee.
You regenerate magic rapidly.
Your mind is acute. (Int +4, Str/Dex -1)
Your flesh is cold resistant. (rC+)


Message History

You closely miss something. Something hits you!
You emit a cloud of foul miasma!
Something bites you!
Something draws strength from your injuries!
You closely miss something. Something hits you!
Something bites you but does no damage. Something hits you.
Something bites you but does no damage.
Unknown command.
You miss something. Something hits you but does no damage.
Something barely misses you. Something hits you but does no damage.
Something bites you but does no damage.
Unknown command.
You barely miss something. Something barely misses you. Something bites you.
Something draws strength from your injuries!
You miss something. Something barely misses you. Something bites you.
Something draws strength from your injuries!
Something hits you but does no damage. Something bites you.
Something draws strength from your injuries!
You slice something!! Something completely misses you. Something bites you.
Something draws strength from your injuries!
You miss something. Something hits you but does no damage. Something bites you.
Something draws strength from your injuries!
Something hits you but does no damage. Something barely misses you.
You hit something. Something draws life force from you!
* * * LOW HITPOINT WARNING * * *
Something hits you. Something bites you.
* * * LOW HITPOINT WARNING * * *
Something draws strength from your injuries!
You emit a cloud of foul miasma!
You closely miss something. Something hits you but does no damage.
Something bites you but does no damage.
Unknown command.
You feel better. Something hits you!
* * * LOW HITPOINT WARNING * * *
Something bites you but does no damage.
Okay, then.
Okay, then.
A red film seems to cover your vision as you go berserk!
You feel yourself moving faster!
You feel mighty! Something barely misses you. Something bites you!
You die...

#.# #####.##### #.#
#.# ##'## #.# ##...##
#####.##### ##....<##
#.........#
##.......###.##......#
#.........##.#...(...#
+.........'...........
#...#@#...##.#.....#.#
##.##{##.###.##.#.##.#
###...### #.........#
#.....# ######.####
#.......# #........#
#....#....# #.###.##.#
#⌠...# #...⌠# #.)##.#
##... ...## #.###.#
##.. ..## # #.# #.#


There were no monsters in sight!

Vanquished Creatures
  A wyvern (D:7)
  The ghost of KennySheep the Shooter, an amateur DgHu (D:4)
  A steam dragon (D:7)
  2 water moccasins
  3 ice beasts
  The ghost of DrKenneth the Covered, an amateur MiFi (D:3)
  2 sky beasts
  2 ogres (D:4)
  2 centaurs (D:6)
  A kobold brigand (D:7)
  2 bullfrogs
  A gnoll sergeant (D:6)
  A necrophage (D:5)
  4 scorpions
  7 wights
  An electric eel (D:7)
  3 howler monkeys
  3 bullfrog zombies (D:5)
  2 hounds (D:6)
  A human zombie (D:5)
  3 orc priests
  A jelly (D:5)
  2 iguanas
  Jessica (D:3)
  2 orc wizards
  A bullfrog simulacrum (D:4)
  A scorpion simulacrum (D:4)
  5 mummies (D:5)
  A howler monkey zombie (D:5)
  12 gnolls
  9 adders
  2 hound simulacra (D:4)
  A white imp (D:4)
  3 worms
  5 dart slugs
  20 orcs
  6 ball pythons
  5 endoplasms
  3 giant cockroaches (D:2)
  8 goblins
  4 hobgoblins
  5 jackals
  8 kobolds
  8 quokkas
  A bat (D:1)
  3 rats
161 creatures vanquished.

Vanquished Creatures (others)
  8 plants (D:8)
8 creatures vanquished.

Grand Total: 169 creatures vanquished

Notes
Turn   | Place    | Note
-------+----------+-------------------------------------------
     0 | D:1      | qeuew the Demonspawn Monk began the quest for the Orb.
     0 | D:1      | Reached XP level 1. HP: 18/18 MP: 1/1
   165 | D:1      | Gained mutation: You regenerate magic rapidly. [demonic
                  | ancestry]
   165 | D:1      | Reached XP level 2. HP: 8/24 MP: 2/2
   580 | D:1      | Reached skill level 1 in Armour
   657 | D:1      | Found a faded altar of an unknown god.
   715 | D:1      | Identified a scroll of acquirement
   715 | D:1      | Acquired the +4 bardiche of Iluaffaah {vamp, Str+4 Int+3}
   721 | D:1      | Gained mutation: Your body sometimes deteriorates upon
                  | taking damage. [potion of mutation]
   721 | D:1      | Gained mutation: You are agile. (Dex +4, Str/Int -1)
                  | [potion of mutation]
   971 | D:2      | Gained mutation: You may rarely emit foul miasma when
                  | damaged in melee. [demonic ancestry]
   971 | D:2      | Reached XP level 3. HP: 29/29 MP: 3/3
  1477 | D:3      | Reached XP level 4. HP: 35/35 MP: 4/4
  1780 | D:3      | Gained mutation: You are partially covered in yellow
                  | scales. (AC +2) [demonic ancestry]
  1780 | D:3      | Reached XP level 5. HP: 42/42 MP: 5/5
  1802 | D:3      | Noticed Jessica
  1807 | D:3      | Killed Jessica
  1814 | D:3      | Found a shimmering blue altar of Sif Muna.
  1997 | D:3      | Reached skill level 4 in Fighting
  2025 | D:3      | Found a large runed translucent door.
  2025 | D:3      | Found a large runed translucent door.
  2027 | D:3      | Noticed DrKenneth's ghost (amateur MiFi)
  2366 | D:3      | Killed DrKenneth's ghost
  2484 | D:4      | Reached XP level 6. HP: 48/48 MP: 6/6
  2491 | D:4      | Noticed an ice beast
  2494 | D:4      | Noticed KennySheep's ghost (amateur DgHu)
  2635 | D:4      | Found an opulent altar of Gozag.
  2692 | D:4      | Found a runed translucent gate.
  2698 | D:4      | Found a runed translucent gate.
  2699 | D:4      | Found a runed translucent gate.
  2878 | D:4      | Found a burning altar of Makhleb.
  2879 | D:4      | Found an iron altar of Okawaru.
  2910 | D:4      | Became a worshipper of Makhleb the Destroyer
  2910 | D:4      | Reached * piety under Makhleb
  2910 | D:4      | Reached ** piety under Makhleb
  2911 | D:4      | Lost mutation: Your body sometimes deteriorates upon taking
                  | damage. [potion of mutation]
  2911 | D:4      | Lost mutation: You are agile. (Dex +4, Str/Int -1) [potion
                  | of mutation]
  2911 | D:4      | Gained mutation: You are frail. (-10% HP) [potion of
                  | mutation]
  2911 | D:4      | Gained mutation: You expend magic power (3 MP) to
                  | strengthen your wands. [potion of mutation]
  2912 | D:4      | Lost mutation: You expend magic power (3 MP) to strengthen
                  | your wands. [potion of mutation]
  2912 | D:4      | Lost mutation: You are frail. (-10% HP) [potion of
                  | mutation]
  2912 | D:4      | Gained mutation: Your flesh is cold resistant. (rC+)
                  | [potion of mutation]
  2912 | D:4      | Gained mutation: You have sharp fingernails. [potion of
                  | mutation]
  2912 | D:4      | Gained mutation: Your mind is acute. (Int +4, Str/Dex -1)
                  | [potion of mutation]
  3006 | D:4      | Found Ifysmol's Gadget Gallery.
  3245 | D:4      | Mutation became permanent: You have sharp fingernails.
                  | [demonic ancestry]
  3245 | D:4      | Gained mutation: You have sharp fingernails. [demonic
                  | ancestry]
  3245 | D:4      | Reached XP level 7. HP: 55/55 MP: 7/7
  3430 | D:4      | Reached skill level 1 in Evocations
  3443 | D:4      | Killed KennySheep's ghost
  3444 | D:4      | Reached skill level 5 in Fighting
  3513 | D:5      | Entered Level 5 of the Dungeon
  3664 | D:5      | Found a basalt altar of Yredelemnul.
  3739 | D:5      | Reached XP level 8. HP: 42/63 MP: 8/8
  3823 | D:5      | Reached skill level 5 in Dodging
  3850 | D:5      | Reached skill level 5 in Polearms
  4414 | D:5      | Found a shimmering altar of Xom.
  4415 | D:5      | Found a shimmering altar of Xom.
  4415 | D:5      | Found a shimmering altar of Xom.
  4555 | D:6      | Found a shadowy altar of Dithmenos.
  4618 | D:6      | Found Xianil's Book Emporium.
  4786 | D:6      | Found an ancient bone altar of Kikubaaqudgha.
  4907 | D:6      | Reached skill level 6 in Fighting
  5003 | D:6      | You fall into a shaft and drop 1 floor!
  5010 | D:7      | Reached *** piety under Makhleb
  5110 | D:6      | Gained mutation: You are mostly covered in yellow scales.
                  | (AC +3) [demonic ancestry]
  5110 | D:6      | Reached XP level 9. HP: 63/69 MP: 9/9
  5378 | D:6      | Reached skill level 5 in Armour
  5389 | D:6      | Found Tyanus's Antique Weapon Emporium.
  5419 | D:6      | Found Geaw's Magic Scroll Emporium.
  5685 | D:6      | Found Enucesk's Weapon Shop.
  5890 | D:7      | Found a staircase to the Ecumenical Temple.
  7201 | D:8      | Found a snail-covered altar of Cheibriados.
  7318 | D:8      | Reached skill level 7 in Fighting
  7324 | D:8      | Found an ornate altar of the Wu Jian Council.
  7362 | D:8      | Found Mafex's Weapon Emporium.
  7478 | D:8      | Reached skill level 5 in Evocations
  7598 | D:8      | Slain by a vampire

Illustrated notes

Levels and vault maps discovered:
D:1:      nicolae_arrival_washed_ashore, layout_rooms,
          hellmonk_ecumenical_altar_prayer_group, minmay_misc_feat_diagonals
D:2:      layout_loops_ring
D:3:      layout_loops_ring, tgw_sif, ebering_ghost_disaster_area,
          guppyfry_early_lair_pool
D:4:      layout_loops_ring, nicolae_gozag_cash_rules_everything_around_me,
          gammafunk_temple_overflow_statue, gammafunk_ghost_icy,
          nicolae_shop_gadgets
D:5:      layout_loops_ring, mainiacjoe_overflow_alcove_4,
          lemuel_mausoleum_altar_yredelemnul, xom_redecorated
D:6:      layout_gridville, mainiacjoe_overflow_six_doors_small,
          nicolae_dithmenos_through_a_glass_darkly, serial_shops,
          nicolae_shop_hallway_plus, nicolae_lakefront_shop, shop, shop
D:7:      statuecave_lemuel, layout_layer_cave,
          minmay_temple_entry_statues_pillars, corexii_leaking_fountain
D:8:      layout_loops_corners, nzn_wu_jian_council_hall,
          mainiacjoe_overflow_boulevard, serial_shops,
          nicolae_shop_hallway_stairs, nzn_life_drinkers

Skill      XL: |  1  2  3  4  5  6  7  8  9 |
---------------+----------------------------+-----
Dodging        | 3 4 5 6 |  6.5
Armour         | 1 2 3 4 5 |  5.7
Polearms       | 3 4 5 6 |  6.4
Fighting       | 4 5 6 7 |  7.1
Evocations     | 2 3 5 |  5.1
Stealth        | |  1.7

Action                   |  1- 3 |  4- 6 |  7- 9 || total
-------------------------+-------+-------+-------++-------
Melee: Spear             |    67 |       |       ||    67
       Punch             |     1 |       |       ||     1
       Bardiche          |    31 |    82 |   251 ||   364
Invok: Minor Destruction |       |     6 |     7 ||    13
  Use: Potion            |     4 |     5 |     2 ||    11
       Scroll            |     3 |       |    12 ||    15
 Stab: Sleeping          |     5 |     8 |     9 ||    22
Armor: Leather armour    |    20 |    10 |    93 ||   123
Dodge: Dodged            |    65 |    38 |   204 ||   307

Table legend: (Time is in decaauts)
 A = Elapsed time spent in this place.
 B = Non-inter-level travel time spent in this place.
 C = Inter-level travel time spent in this place.
 D = Time resting spent in this place.
 E = Time spent auto-exploring this place.
 F = Levels seen in this place.
 G = Mean time per level.
                   A        B        C        D        E       F      G
               +--------+--------+--------+--------+--------+-----+--------+
         Total |   7835 |   7587 |    248 |     82 |   6256 |   8 |  979.4 |
       Dungeon |   7835 |   7587 |    248 |     82 |   6256 |   8 |  979.4 |
               +--------+--------+--------+--------+--------+-----+--------+

Top non-repeatable levels by time:
     D:7: 1380 daAuts
     D:3: 1154 daAuts
     D:6: 1154 daAuts
     D:5: 1073 daAuts
     D:4: 1064 daAuts
     D:1: 735 daAuts
     D:2: 642 daAuts
     D:8: 629 daAuts
